 Dungeon Crawl Stone Soup version 0.32-a0-665-g3d30ec2550 (webtiles) character file.

Game seed: 15585225812055293826

57 shadizar the Digger (level 4, -1/24 HPs)
             Began as a Gargoyle Earth Elementalist on Mar 9, 2024.
             Slain by an orc
             ... wielding a +0 flail
              (6 damage)
             ... on level 3 of the Dungeon.
             The game lasted 00:02:47 (1925 turns).

shadizar the Digger (Gargoyle Earth Elementalist)   Turns: 1925, Time: 00:02:48

Health: -1/24      AC:  5    Str: 12    XL:     4   Next: 0%
Magic:  8/8        EV: 11    Int: 17    God:
Gold:   129        SH:  0    Dex: 10    Spells: 4/8 levels left

rFire   . . .        m - +0 sling
rCold   . . .        (no shield)
rNeg    + . .        a - +0 robe
rPois   ∞            (no helmet)
rElec   +            (no cloak)
rCorr   .            (no gloves)
SInv    .            (no boots)
Will    .....        (no amulet)
Stlth   ++           (no ring)
HPRegen 0.24/turn    (no ring)
MPRegen 0.11/turn

%: no passive effects
@: very slightly contaminated
A: sickness immunity, AC +3, negative energy resistance 1, electricity
resistance, torment resistance 1, petrification resistance
a: no special abilities


You were on level 3 of the Dungeon.
You visited 1 branch of the dungeon, and saw 3 of its levels.

You collected 129 gold pieces.

Inventory:

Hand Weapons
 m - a +0 sling (weapon)
 o - a +0 dagger of venom
Missiles
 i - 21 stones
Armour
 a - a +0 robe (worn)
 f - a +0 leather armour
 l - a +0 scale mail
 q - a +0 ring mail
Jewellery
 e - a ring of see invisible
 g - an amulet of faith
Wands
 p - a wand of digging (5)
Scrolls
 h - a scroll of teleportation {unknown}
 j - 2 scrolls of revelation {unknown}
 k - a scroll of identify {unknown}
 n - a scroll of butterflies {unknown}
Potions
 b - a potion of magic
 c - 3 potions of curing {unknown}
 d - 2 potions of berserk rage {unknown}


   Skills:
 - Level 1.5 Dodging
 - Level 2.1 Stealth
 + Level 2.7 Spellcasting
 + Level 2.4 Conjurations
 + Level 4.4 Earth Magic


You had 4 spell levels left.
You knew the following spells:

 Your Spells              Type           Power      Damage    Failure   Level
a - Sandblast             Erth           34%        2d9       3%          1
b - Stone Arrow           Conj/Erth      26%        3d8       13%         3

Your spell library contained the following spells:

 Spells                   Type           Power      Damage    Failure   Level
 Passwall                 Erth           17%        N/A       9%          3
 Momentum Strike          Conj/Tloc      12%        3d8       17%         2
 Blink                    Tloc           4%         N/A       26%         2
 Lesser Beckoning         Tloc           4%         N/A       26%         2
 Brom's Barrelling Bould  Conj/Erth      13%        2d4       41%         4
 Fugue of the Fallen      Necr           2%         N/A       47%         3
 Ozocubu's Armour         Ice            2%         N/A       47%         3
 Petrify                  Alch/Erth      9%         N/A       58%         4
 Manifold Assault         Tloc           2%         N/A       87%         4


Dungeon Overview and Level Annotations

Branches:
Dungeon (3/15)

Altars:

Shops:
D:1 (

Annotations:
D:3 2 transporters, 1Anon's ghost, amateur GnAl


Innate Abilities, Weirdness & Mutations

You are immune to sickness and miasma.
Your stone body is resilient. (AC +3)
You are immune to poison.
You resist negative energy. (rN+)
You are resistant to electric shocks. (rElec)
You are resistant to unholy torment.
You are immune to petrification.


Message History

Unknown command.
Unknown command.
Unknown command.
Unknown command.
Unknown command.
Casting: Sandblast (safe; 3% risk of failure)
Confirm with . or Enter, or press ? or * to list all spells.
Aiming: Sandblast (safe; 3% risk of failure)
Press: ? - help, Shift-Dir - straight line, f/p - orc
Aim: an orc, wielding a +0 flail and wearing a +0 chain mail (moderately wounded, 87% to hit)
You miscast Sandblast.
You are very lightly contaminated with residual magic.
Nothing appears to happen.
The orc hits you with a +0 flail.
Unknown command.
Unknown command.
Unknown command.
Unknown command.
Unknown command.
You shoot a sling bullet.
The sling bullet hits the orc but does no damage.
The orc is moderately wounded.
The orc hits you with a +0 flail!
The orc barely misses you. 1Anon's ghost says, "I don't need to breathe anymore, but you do!"
Casting: Sandblast (safe; 3% risk of failure)
Confirm with . or Enter, or press ? or * to list all spells.
Aiming: Sandblast (safe; 3% risk of failure)
Press: ? - help, Shift-Dir - straight line, f/p - orc
Aim: an orc, wielding a +0 flail and wearing a +0 chain mail (moderately wounded, 87% to hit)
The blast of sand hits the orc but does no damage.
The orc is moderately wounded.
The orc hits you with a +0 flail.
* * * LOW HITPOINT WARNING * * *
Unknown command.
Unknown command.
Unknown command.
Unknown command.
You are too injured to fight recklessly!
Okay, then.
Magic courses through your body. The orc hits you with a +0 flail.
You die...

........#...#
........#...####
...............#
...............#
...............#
..#########....#
.##©......##...# #...
.#ß.#...#gß#o)## ...##
.#...#.#.JW#.@# ##...#
.#........r#..## #.....
©#....©...?#©..# #..#.#
........#..#######..#.#
!#.#...#.......##..#.####
...#.ß#..####.##......<#
.....##..####.......####
######........##.####
........####.....#


You could see 1Anon's ghost, an orc, an endoplasm, a goblin and a rat.

Vanquished Creatures
  2 adders
  A dart slug (D:1)
  An orc (D:3)
  2 bats (D:2)
  4 endoplasms
  2 goblins
  6 jackals (D:2)
  4 kobolds
  A quokka (D:1)
  6 ball pythons
  A frilled lizard (D:2)
  2 rats (D:1)
32 creatures vanquished.

Notes
Turn   | Place    | Note
-------+----------+-------------------------------------------
     0 | D:1      | shadizar the Gargoyle Earth Elementalist began the quest
                  | for the Orb.
     0 | D:1      | Reached XP level 1. HP: 10/10 MP: 3/3
   163 | D:1      | Reached XP level 2. HP: 15/15 MP: 1/5
   230 | D:1      | Found a faded altar of an unknown god.
   653 | D:1      | Reached skill level 4 in Earth Magic
   706 | D:1      | Found Vaodifry's Weapon Shoppe.
  1301 | D:2      | Reached XP level 3. HP: 19/19 MP: 2/6
  1854 | D:3      | Learned a level 3 spell: Stone Arrow
  1887 | D:3      | Noticed 1Anon's ghost (amateur GnAl)
  1896 | D:3      | Found a transporter.
  1899 | D:3      | Found a transporter.
  1918 | D:3      | Reached XP level 4. HP: 19/24 MP: 5/8
  1925 | D:3      | Slain by an orc

Illustrated notes

Levels and vault maps discovered:
D:1:      wander_arrival_chamber, layout_rooms, serial_shops, shop,
          ebering_ecumenical_altar_hall, roderic_lattice_a
D:2:      layout_basic, minmay_tetromino_o4
D:3:      layout_basic, nicolae_overflow_hidden_temple, gammafunk_ghost_arena

Skill      XL: |  1  2  3 |
---------------+----------+-----
Earth Magic    | 4 |  4.4
Conjurations   | 2 |  2.4
Dodging        | |  1.5
Stealth        | |  2.1
Spellcasting   | |  2.7

Action                     |  1- 3 |  4- 6 || total
---------------------------+-------+-------++-------
  Melee: Unarmed           |     8 |       ||     8
   Fire: Sling             |    35 |     1 ||    36
   Cast: Sandblast         |    33 |     5 ||    38
    Use: Potion            |       |     1 ||     1
 Armour: Robe              |    34 |     7 ||    41
  Dodge: Dodged            |    31 |     4 ||    35

Table legend: (Time is in decaauts)
 A = Elapsed time spent in this place.
 B = Non-inter-level travel time spent in this place.
 C = Inter-level travel time spent in this place.
 D = Time resting spent in this place.
 E = Time spent auto-exploring this place.
 F = Levels seen in this place.
 G = Mean time per level.
                   A        B        C        D        E       F      G
               +--------+--------+--------+--------+--------+-----+--------+
         Total |   1957 |   1939 |     18 |      0 |   1631 |   3 |  652.3 |
       Dungeon |   1957 |   1939 |     18 |      0 |   1631 |   3 |  652.3 |
               +--------+--------+--------+--------+--------+-----+--------+

Top non-repeatable levels by time:
     D:2: 945 daAuts
     D:1: 918 daAuts
     D:3: 93 daAuts
